 Dungeon Crawl Stone Soup version 0.23-a0-449-g8e4cbf7 (webtiles) character file.

116 galech the Skirmisher (level 4, -6/35 HPs)
             Began as a Demonspawn Fighter on Nov 21, 2018.
             Mangled by a centaur (7 damage)
             ... on level 3 of the Dungeon.
             The game lasted 00:02:37 (2210 turns).

galech the Skirmisher (Demonspawn Fighter)          Turns: 2210, Time: 00:02:38

Health: -6/35      AC: 12    Str: 16    XL:     4   Next: 69%
Magic:  0/4        EV:  7    Int: 10    God:
Gold:   156        SH:  9    Dex: 13    Spells: 3/3 levels left

rFire    . . .     SeeInvis .   n - +0 hand axe (curse)
rCold    . . .     Gourm    .   c - +0 shield
rNeg     . . .     Faith    .   b - +0 scale mail
rPois    .         Spirit   +   (no helmet)
rElec    .         Reflect  .   (no cloak)
rCorr    .         Harm     .   (no gloves)
MR       .....                  (no boots)
Stlth    ..........             (no amulet)
HPRegen  0.11/turn              (no ring)
MPRegen  0.09/turn              (no ring)

@: sanguine armour
A: magic shield, sanguine armour 1
a: no special abilities


You were on level 3 of the Dungeon.
You were not hungry.

You visited 1 branch of the dungeon, and saw 3 of its levels.

You collected 156 gold pieces.

Inventory:

Hand Weapons
 a - a +0 war axe
 n - a cursed +0 hand axe (weapon)
Armour
 b - a +0 scale mail (worn)
 c - a +0 shield (worn)
Jewellery
 p - a cursed ring of teleportation {unknown}
Scrolls
 h - 2 scrolls of teleportation
 i - 2 scrolls of identify {unknown}
 j - a scroll of blinking
 k - a scroll of magic mapping {unknown}
 o - a scroll of remove curse {unknown}
Potions
 e - 2 potions of haste {unknown}
 l - 3 potions of curing {unknown}
 m - a potion of magic {unknown}
Comestibles
 d - 3 chunks of flesh
 f - 7 rations


   Skills:
 + Level 3.5 Fighting
 + Level 2.8 Axes
 + Level 3.4 Armour
 + Level 0.6 Dodging
 + Level 3.3 Shields


You had 3 spell levels left.
You didn't know any spells.
Your spell library was empty.

Dungeon Overview and Level Annotations

Branches:
Dungeon (3/15)

Altars:
Ru


Innate Abilities, Weirdness & Mutations

When hurt, damage is shared between your health and your magic reserves.
When seriously injured, your bleeding wounds create armour. (AC +6)


Message History

You are too injured to fight recklessly!
You hit the centaur but do no damage.
The centaur is heavily wounded.
You block the centaur's attack.
The centaur hits you but does no damage.
You hit the centaur.
The centaur is severely wounded.
The centaur hits you!
* * * LOW HITPOINT WARNING * * *
The centaur hits you.
* * * LOW HITPOINT WARNING * * *
You hit the centaur.
The centaur is almost dead.
The centaur closely misses you. The centaur hits you.
* * * LOW HITPOINT WARNING * * *
You hit the centaur but do no damage.
The centaur is almost dead.
The centaur hits you but does no damage.
The centaur hits you!
You die...

#...........#
#.............#
###########.#
###############
#.# #.# #.# #.#
#.# # #.####%#
#((.@c.#
########


You could see a centaur.

Vanquished Creatures
  A gnoll (D:3)
  3 adders
  2 worms (D:2)
  A dart slug (D:1)
  3 leopard geckos
  7 bats
  A giant cockroach (D:2)
  11 goblins
  10 hobgoblins
  A jackal (D:3)
  8 kobolds
  A quokka (D:2)
  10 frilled lizards
  7 rats
66 creatures vanquished.

Notes
Turn   | Place    | Note
-------+----------+-------------------------------------------
     0 | D:1      | galech the Demonspawn Fighter began the quest for the Orb.
     0 | D:1      | Reached XP level 1. HP: 18/18 MP: 1/1
   196 | D:1      | Gained mutation: When seriously injured, your bleeding
                  | wounds create armour. (AC +6) [demonic ancestry]
   196 | D:1      | Reached XP level 2. HP: 22/24 MP: 2/2
   641 | D:1      | Reached XP level 3. HP: 29/29 MP: 3/3
  1281 | D:2      | Found a sacrificial altar of Ru.
  1383 | D:2      | Gained mutation: When hurt, damage is shared between your
                  | health and your magic reserves. [demonic ancestry]
  1383 | D:2      | Reached XP level 4. HP: 27/35 MP: 4/4
  2198 | D:3      | Noticed a centaur
  2209 | D:3      | HP: 1/35 [centaur (3)]
  2210 | D:3      | Mangled by a centaur

Vault maps used:
D:1:      dpeg_arrival_rooms_b, minivault_5
D:2:      nicolae_ru_awakened_eye, minmay_lizard_king
D:3:      minmay_recursive_quarters

Skill      XL: |  1  2  3 |
---------------+----------+-----
Axes           | 2 |  2.8
Armour         | 3 |  3.4
Shields        | 3 |  3.3
Fighting       | |  3.5
Dodging        | |  0.6

Action                   |  1- 3 |  4- 6 || total
-------------------------+-------+-------++-------
Melee: War axe           |   110 |       ||   110
       Hand axe          |    85 |    83 ||   168
  Use: Scroll            |     2 |       ||     2
       Potion            |       |     1 ||     1
  Eat: Chunk             |     2 |     3 ||     5
Armor: Scale mail        |    94 |    46 ||   140
Dodge: Dodged            |    45 |    35 ||    80
Block: Shield            |   101 |    51 ||   152

Table legend:
 A = Non-vault XP
 B = Vault XP
 C = Vault XP percentage of total XP
 D = Non-vault monster count
 E = Vault monster count
 F = Vault count percentage of total count
                 A         B        C        D         E       F
            +---------+---------+-------+---------+---------+-------
      Total |     104 |      62 |  37.3 |      51 |      15 |  22.7
            +---------+---------+-------+---------+---------+-------
        D:1 |      45 |       0 |   0.0 |      26 |       0 |   0.0
        D:2 |      55 |       8 |  12.7 |      22 |       6 |  21.4
        D:3 |       4 |      54 |  93.1 |       3 |       9 |  75.0
            +---------+---------+-------+---------+---------+-------
